 Dungeon Crawl Stone Soup version 0.26.0-16-gc1dbca0489 (webtiles) character file.

Game seed: 5159547078302251552

113 Gauvater the Firebug (level 4, -9/27 HPs)
             Began as an Octopode Fire Elementalist on Jan 19, 2021.
             Killed from afar by Natasha (13 damage)
             ... with a puff of flame
             ... on level 2 of the Dungeon.
             The game lasted 00:13:27 (2507 turns).

Gauvater the Firebug (Octopode Fire Elementalist)   Turns: 2507, Time: 00:13:27

Health: -9/27      AC:  1    Str:  7    XL:     4   Next: 96%
Magic:  8/8        EV: 13    Int: 18    God:
Gold:   103        SH:  0    Dex: 12    Spells: 8/9 levels left

rFire    . . .     SeeInvis .   e - +2 dagger (protect)
rCold    . . .     Faith    .   (no shield)
rNeg     . . .     Spirit   .   (helmet restricted)
rPois    .         Reflect  .   b - amulet of magic regeneration
rElec    .         Harm     .   (no ring)
rCorr    .         Rampage  .   (no ring)
Will     .....                  (no ring)
Stlth    +++.......             (no ring)
HPRegen  0.09/turn              (no ring)
MPRegen  0.36/turn              (no ring)
                                (no ring)
                                (no ring)

@: no status effects
A: almost no armour, stealthy swim, amphibious, 8 rings, constrict 8, camouflage
1, gelatinous body 1
a: no special abilities


You were on level 2 of the Dungeon.
You visited 1 branch of the dungeon, and saw 2 of its levels.

You collected 103 gold pieces.

Inventory:

Hand Weapons
 e - a +2 dagger of protection (weapon)
Missiles
 a - 126 stones
 g - 8 javelins (quivered)
 m - 4 poisoned darts
Jewellery
 b - an amulet of magic regeneration (around mantle)
Wands
 i - a wand of polymorph (5)
Scrolls
 d - 2 scrolls of magic mapping {unknown}
 f - a scroll of teleportation {unknown}
 k - a scroll of identify {unknown}
Potions
 c - a potion of magic {unknown}
 h - a potion of berserk rage {unknown}
 j - a potion of degeneration {unknown}
 l - 2 potions of curing {unknown}
 n - 2 potions of haste {unknown}


   Skills:
 * Level 0.2 Fighting
 + Level 0.4 Short Blades
 + Level 2.4 Dodging
 + Level 3.3 Stealth
 + Level 0.7 Unarmed Combat
 * Level 3.0 Spellcasting
 + Level 1.4 Conjurations
 + Level 3.9 Fire Magic


You had 8 spell levels left.
You knew the following spells:

 Your Spells              Type           Power        Failure   Level
a - Foxfire               Conj/Fire      48%          5%          1

Your spell library contained the following spells:

 Spells                   Type           Power        Failure   Level
 Conjure Flame            Conj/Fire      12%          16%         3
 Inner Flame              Hex/Fire       9%           22%         3
 Confusing Touch          Hex            2%           43%         3
 Gell's Gravitas          Tloc           1%           43%         3
 Sticky Flame             Conj/Fire      12%          47%         4
 Fireball                 Conj/Fire      6%           83%         5
 Petrify                  Tmut/Erth      2%           85%         4
 Metabolic Englaciation   Hex/Ice        1%           99%         5
 Yara's Violent Unravell  Hex/Tmut       1%           99%         5


Dungeon Overview and Level Annotations

Branches:
Dungeon (2/15)

Altars:

Annotations:
D:2 Natasha


Innate Abilities, Weirdness & Mutations

You cannot wear most types of armour.
You are very stealthy in the water. (Stealth+)
You are amphibious.
You can wear up to eight rings at the same time.
You can use your tentacles to constrict eight enemies at once.
Your skin changes colour to match your surroundings (Stealth+).
Your rubbery body absorbs attacks. (AC +1, EV +1)


Message History

The shadow imp hits you. The bat hits you but does no damage.
The bat closely misses you. The bat hits you.
The crimson imp blinks!
There is an open door here.
You hit Natasha.
Your weapon exudes an aura of protection.
You grab Natasha.
Natasha is lightly wounded.
You constrict Natasha, but do no damage.
Natasha claws you!
You release your grip on Natasha.
The crimson imp blinks!
Natasha closely misses you.
Natasha mumbles some strange words.
There is an open door here.
The crimson imp spits at you.
Natasha stares at you and mumbles some strange words.
The magic dart hits you!
* * * LOW HITPOINT WARNING * * *
Natasha zaps a wand.
The puff of flame hits you!
You die...

#....(.......#
#.###............'
#...'............#
#######.gg.........#
#.....###K####......
+.....'.#b# #......
#.....#.#5# #......
#<....'.#.####......
#..@..###5...#......
+.....'.h5...'......
#.....###....#......
#.....# #....#......
#.....# #....#......
####### #....#......
#....#......
#.#.........
###########'#.........


You could see Natasha and a shadow imp (summoned).

Vanquished Creatures
  Jessica (D:2)
  Natasha (D:2)
  2 adders (D:2)
  An ooze (D:1)
  A dart slug (D:1)
  2 leopard geckos
  6 bats
  A giant cockroach (D:2)
  6 goblins
  2 hobgoblins (D:1)
  5 frilled lizards
  6 kobolds
  6 rats (D:2)
40 creatures vanquished.

Vanquished Creatures (others)
  61 foxfires
61 creatures vanquished.

Grand Total: 101 creatures vanquished

Notes
Turn   | Place    | Note
-------+----------+-------------------------------------------
     0 | D:1      | Gauvater the Octopode Fire Elementalist began the quest for
                  | the Orb.
     0 | D:1      | Reached XP level 1. HP: 11/11 MP: 3/3
   171 | D:2      | Noticed Jessica
   205 | D:1      | Reached XP level 2. HP: 17/17 MP: 0/5
   917 | D:1      | Reached XP level 3. HP: 8/21 MP: 6/6
  1515 | D:2      | Killed Jessica
  1516 | D:2      | Reached XP level 4. HP: 27/27 MP: 5/8
  1651 | D:2      | Noticed Natasha
  2019 | D:2      | Killed Natasha
  2485 | D:2      | Noticed Natasha
  2507 | D:2      | Killed from afar by Natasha

Illustrated notes

Levels and vault maps discovered:
D:1:      lightli_arrival_boilingwater, layout_rooms
D:2:      layout_basic, serial_park_tiny_2, uniq_jessica, uniq_natasha

Skill      XL: |  1  2  3  4 |
---------------+-------------+-----
Stealth        | 3 |  3.3
Spellcasting   | 3 |  3.0
Fighting       | |  0.2
Short Blades   | |  0.4
Dodging        | |  2.4
Unarmed Combat | |  0.7
Conjurations   | |  1.4
Fire Magic     | |  3.9

Action                   |  1- 3 |  4- 6 || total
-------------------------+-------+-------++-------
Melee: Unarmed           |    29 |       ||    29
       Constrict         |     8 |     4 ||    12
       Tentacles         |     6 |     2 ||     8
       Dagger            |     5 |    23 ||    28
 Cast: Foxfire           |    27 |    11 ||    38
 Stab: Sleeping          |     2 |     4 ||     6
Armor: Skin              |     3 |     6 ||     9
Dodge: Dodged            |    32 |    24 ||    56
